 Dungeon Crawl Stone Soup version 0.24.1-14-gf8d2b509d9 (webtiles) character file.

Game seed: 3747794229379813185, levelgen mode: deterministic

23 Descartes the Grasshopper (level 2, 0/13 HPs)
             Began as a Felid Warper on June 2, 2020.
             Succumbed to an adder's poison
             ... on level 2 of the Dungeon.
             The game lasted 00:02:13 (1089 turns).

Descartes the Grasshopper (Felid Warper)            Turns: 1089, Time: 00:02:13

Health: 0/13       AC:  1    Str:  7    XL:     2   Next: 75%
Magic:  6/6        EV: 18    Int: 14    God:
Gold:   30         SH:  0    Dex: 15    Spells: 5/5 levels left
                                        Lives:  0   Deaths: 0

rFire    . . .     SeeInvis +     - Unarmed
rCold    . . .     Gourm    .   (shield unavailable)
rNeg     . . .     Faith    .   (armour unavailable)
rPois    .         Spirit   .   (helmet unavailable)
rElec    .         Reflect  .   (cloak unavailable)
rCorr    .         Harm     .   (gloves unavailable)
MR       .....                  (boots unavailable)
Stlth    ++........             (no amulet)
HPRegen  0.04/turn              (no ring)
MPRegen  0.10/turn              (no ring)

@: lethally poisoned (0 -> -8), quick
A: very small, no armour, no weapons or thrown items, stealth, claws 1, fangs 3,
see invisible, carnivore, speed 1, shaggy fur 1, slow metabolism 1, sharp paws
a: no special abilities


You were on level 2 of the Dungeon.
You were very full.

You visited 1 branch of the dungeon, and saw 2 of its levels.

You collected 30 gold pieces.

Inventory:

Missiles
 g - 30 stones
Jewellery
 k - a cursed ring of teleportation {unknown}
Scrolls
 a - 2 scrolls of identify {unknown}
 b - a scroll of blinking
 e - a scroll of remove curse {unknown}
 i - a scroll of fear {unknown}
Potions
 d - a potion of degeneration {unknown}
 f - a potion of resistance {unknown}
 h - a potion of mutation {unknown}
Comestibles
 c - 3 rations
 j - 6 chunks of flesh


   Skills:
 + Level 2.2 Fighting
 + Level 3.5 Dodging
 * Level 1.9 Stealth
 * Level 2.5 Unarmed Combat
 - Level 2.0 Spellcasting
   Level 4.4 Translocations


You had 5 spell levels left.
You didn't know any spells.
Your spell library contained the following spells:

 Spells                   Type           Power        Failure   Level  Hunger
 Blink                    Tloc           N/A          6%          2    ###....
 Gell's Gravitas          Tloc           ##........   12%         3    ####...
 Lesser Beckoning         Tloc           ##........   12%         3    ####...
 Teleport Other           Tloc           ##......     12%         3    ####...
 Shroud of Golubria       Chrm/Tloc      #.....       14%         2    ###....
 Passage of Golubria      Tloc           N/A          36%         4    #####..


Dungeon Overview and Level Annotations

Branches:
Dungeon (2/15)

Altars:


Innate Abilities, Weirdness & Mutations

You cannot wear armour.
You are incapable of wielding weapons or throwing items.
Your paws allow you to move quietly. (Stealth)
You have sharp claws.
You have razor-sharp teeth.
You have supernaturally acute eyesight. (SInv)
You are carnivorous and can eat meat at any time.
You cover ground quickly.
You are covered in fur. (AC +1)
You have a slow metabolism.
Your sharp claws are effective at attacking unaware monsters.


Message History

You scratch the adder. You bite the adder.
The adder is heavily wounded.
The adder closely misses you. The adder bites you.
You scratch the adder but do no damage.
The adder is heavily wounded.
The adder bites you.
* * * LOW HITPOINT WARNING * * *
You are lethally poisoned!
The adder poisons you!
You closely miss the adder.
The adder is heavily wounded.
* * * LOW HITPOINT WARNING * * *
You feel sick. The adder completely misses you.
You scratch the adder but do no damage.
The adder is heavily wounded.
The adder bites you.
* * * LOW HITPOINT WARNING * * *
You barely miss the adder. Your bite misses the adder.
The adder is heavily wounded.
You die...

#.##.....#.#.##.###.#.#
#.<........#.##.# #.#.#
#.##.#####.#.##.# #.#..
# #.# #.#.##.# #....
#.##.####....##.# ###..
#.#...÷..###.##.# #..)#
#...÷.##.# #.##.# #.#..
##.#...##.###...>#
#.##. #......@S.....#
#.##. #....$....##..#
#.##. #.........# #.##.
####...#### #.##. #...#
#.# . #.... ... ##.##
#.#


You could see an adder.

Vanquished Creatures
  A leopard gecko (D:1)
  A giant cockroach (D:2)
  2 goblins
  4 hobgoblins
  5 kobolds (D:1)
  A ball python (D:1)
  2 bats
  A frilled lizard (D:2)
  5 rats
22 creatures vanquished.

Notes
Turn   | Place    | Note
-------+----------+-------------------------------------------
     0 | D:1      | Descartes the Felid Warper began the quest for the Orb.
     0 | D:1      | Reached XP level 1. HP: 9/9 MP: 4/4
   170 | D:1      | Reached skill level 1 in Stealth
   517 | D:1      | Reached XP level 2. HP: 13/13 MP: 6/6
  1089 | D:2      | Succumbed to an adder's poison

Levels and vault maps discovered:
D:1:      tarquinn_simple_flora_water_d, layout_basic
D:2:      layout_loops_ring, uniq_sigmund

Skill      XL: |  1 |
---------------+----+-----
Stealth        | 1 |  1.9
Fighting       | |  2.2
Dodging        | |  3.5
Unarmed Combat | |  2.5
Spellcasting   | |  2.0
Translocations | |  4.4

Action                   || total
-------------------------++-------
Melee: Unarmed           ||    58
       Bite              ||     6
 Stab: Sleeping          ||     3
  Eat: Chunk             ||     7
Armor: Skin              ||     4
Dodge: Dodged            ||    51
